 Dungeon Sprint DCSS version 0.17-a0-1646-geb1493d (webtiles) character file.

1200000 nuthulu the Impregnable (level 14, -27/159 HPs)
             Began as a Deep Dwarf Fighter on Aug 11, 2015.
             Was a Follower of Makhleb.
             Annihilated by a meat berserker
             ... wielding a +9 battleaxe
              (55 damage)
             ... in the Dungeon (Sprint VIII: "Arena of Blood").
             The game lasted 00:00:31 (12 turns).

nuthulu the Impregnable (Deep Dwarf Fighter)          Turns: 12, Time: 00:00:31

Health: -27/159    AC: 12    Str: 22    XL:     14   Next: 27%
Magic:  14/14      EV: 10    Int:  8    God:    Makhleb [*.....]
Gold:   0          SH:  0    Dex: 16    Spells: 0 memorised, 13 levels left

rFire  . . .     SeeInvis .     m - +∞ Axe of Woe
rCold  . . .     Clarity  .     b - +0 scale mail
rNeg   + . .     SustAt   .     (no shield)
rPois  .         Gourm    .     (no helmet)
rElec  .         Spirit   .     (no cloak)
rCorr  .         Warding  .     (no gloves)
rMut   .         NoTele   +     (no boots)
MR     ++...                    (no amulet)
Stlth  ..........               (no ring)
                                (no ring)

@: non-regenerating, very resistant to hostile enchantments, extremely
unstealthy
A: damage resistance, recharge devices, negative energy resistance 1, sense
surroundings 2, slow healing 3
a: Device Recharging, Renounce Religion


You were in the Dungeon.
You worshipped Makhleb.
Makhleb was aware of your devotion.
You were not hungry.

You visited 1 branch

Inventory:

Hand weapons
 a - a +0 war axe
 m - the +∞ Axe of Woe (weapon)
   (You found it in the Dungeon)
Armour
 b - a +0 scale mail (worn)
 c - a +0 shield
Magical devices
 e - a wand of heal wounds (5)
Scrolls
 l - a scroll of blinking
Potions
 d - a potion of might
 g - a potion of curing
 h - a potion of heal wounds
 i - a potion of haste
 j - 2 potions of magic
 k - a potion of berserk rage
Comestibles
 f - a bread ration


   Skills:
 + Level 19.5 Fighting
 + Level 13.3 Axes
 + Level 22.7 Armour
 + Level 22.4 Shields


You had 13 spell levels left.
You didn't know any spells.

Dungeon Overview and Level Annotations

Branches:
Dungeon (1/1)

Altars:
Makhleb


Innate Abilities, Weirdness & Mutations

You are resistant to damage.
You can recharge devices by infusing magical energy.
You resist negative energy.
You passively map the area around you.
You do not heal naturally.


Message History

Your Shields skill gained 2 levels and is now at level 21!
You have reached level 13!
You hear a shout! x12
The bag of meat hits you with a +9 war axe!!
* * * LOW HITPOINT WARNING * * *
You hear a shout!
You hit the bag of meat but do no damage.
You dissect the bag of meat like a pig carcass.
You kill the bag of meat!
Makhleb accepts your kill.
Your Fighting skill increases to level 19!
Your Axes skill increases to level 13!
Your Armour skill increases to level 22!
Your Shields skill increases to level 22!
You have reached level 14!
You feel resistant to negative energy.
The meat berserker rages.
You hear a shout! x7
The meat berserker hits you with a +9 battleaxe!!!
You die...

*, , ,, , , ,, ,
,,, .., .. , , ,
.. o., ,, ,, #.
.#,,,,,,, , *,,
,#.. ..#,
,.###.. ,..###.,
, , ,
,......###......
, ,
.....oO@)......
, ,
....#..)..#....
, * , ,, , .
#_.<._# , . , *
, #.....# , * *
, , ....._.o...,
,,, ,
......###......
, , , , ,.###..
..###. , , , , ,
,#.. ,..#,, , ,
, , ,#.. , ..#,
,


You could see a meat berserker (berserk) and 2 bags of meat.

Vanquished Creatures
  4 orcs (D)
4 creatures vanquished.

Notes
Turn   | Place    | Note
--------------------------------------------------------------
     0 | D        | nuthulu the Deep Dwarf Fighter began the quest for the Orb.
     0 | D        | Reached XP level 1. HP: 20/20 MP: 1/1
     2 | D        | Noticed a bag of meat
     3 | D        | Noticed a bag of meat
     3 | D        | Noticed a bag of meat
     4 | D        | Noticed a bag of meat
     6 | D        | Noticed a bag of meat
     8 | D        | Noticed a bag of meat
     9 | D        | Killed a bag of meat
     9 | D        | Reached skill level 14 in Fighting
     9 | D        | Reached skill level 17 in Armour
     9 | D        | Reached XP level 2. HP: 23/51 MP: 2/2
     9 | D        | Reached XP level 3. HP: 26/58 MP: 3/3
     9 | D        | Reached XP level 4. HP: 30/67 MP: 4/4
     9 | D        | Reached XP level 5. HP: 33/74 MP: 5/5
     9 | D        | Reached XP level 6. HP: 36/82 MP: 6/6
     9 | D        | Reached XP level 7. HP: 39/90 MP: 7/7
     9 | D        | Reached XP level 8. HP: 42/98 MP: 8/8
     9 | D        | Gained mutation: You passively map the area around you. [Deep Dwarf growth]
     9 | D        | Reached XP level 9. HP: 45/105 MP: 9/9
     9 | D        | Reached XP level 10. HP: 48/114 MP: 10/10
     9 | D        | Reached XP level 11. HP: 50/121 MP: 11/11
    10 | D        | Noticed a bag of meat
    10 | D        | Became a worshipper of Makhleb the Destroyer
    11 | D        | Noticed a meat berserker
    11 | D        | Killed a bag of meat
    11 | D        | Reached skill level 19 in Armour
    11 | D        | Reached XP level 12. HP: 53/136 MP: 12/12
    11 | D        | Killed a bag of meat
    11 | D        | Acquired Makhleb's first power
    11 | D        | Reached skill level 21 in Armour
    11 | D        | Reached XP level 13. HP: 56/148 MP: 13/13
    12 | D        | Killed a bag of meat
    12 | D        | Reached skill level 22 in Armour
    12 | D        | Gained mutation: You resist negative energy. [Deep Dwarf growth]
    12 | D        | Reached XP level 14. HP: 28/159 MP: 14/14
    12 | D        | Annihilated by a meat berserker

Vault maps used:
D:        meatsprint

Action                   |  1- 3 |  4- 6 |  7- 9 | 10-12 | 13-15 || total
-------------------------+-------+-------+-------+-------+-------++-------
Melee: Executioner's axe |     1 |       |       |     1 |     1 ||     3
